Map: Moondance

Players

Oberoth

  • Race: Protoss Protoss
  • Spawn Location: 12:00

Rhizer - Winner!

  • Race: Protoss Protoss
  • Spawn Location: 6:00

Event: DreamHack SC2 Masters 2022 Atlanta (Offline)

VOD

Have the link to the VOD?

Description

Time

  • Played on: Nov. 18, 2022, 1:09 p.m.
  • Length: 4:49

All games in this series

Show
View Real Time Build Order
Export as new Build Order

Oberoth Protoss 

Build Orders:  

Get SALT Encoding   

  12  0:00  Probe  
  13  0:12  Probe  
  14  0:17  Pylon  
  14  0:24  Probe (Chrono Boost)  
  15  0:36  Gateway, Probe (Chrono Boost)  
  16  0:44  Probe (Chrono Boost)  
  16  0:46  Assimilator  
  17  0:51  Probe  
  17  0:54  Assimilator  
  18  1:03  Probe  
  19  1:08  Gateway  
  19  1:15  Probe  
  20  1:25  Cybernetics Core  
  20  1:27  Probe  
  21  1:35  Pylon  
  21  1:39  Probe  
  22  1:51  Probe  
  23  1:56  Warp Gate (Chrono Boost)  
  23  2:01  Stalker x2  
  27  2:08  Pylon  
  27  2:27  Robotics Facility  
  27  2:28  Gateway  
  27  2:37  Stalker  
  29  2:43  Stalker  
  31  3:05  Pylon  
  31  3:11  Warp Prism (Chrono Boost)  
  31  3:17  Probe  
  33  3:27  Shield Battery, Pylon  
  33  3:40  Stalker x2  
  35  3:45  Stalker  
  37  3:52  Probe  
  30  4:05  Probe  
  30  4:09  Sentry x2  
  32  4:11  Sentry  
  30  4:25  Probe  
Show
View Real Time Build Order
Export as new Build Order

Rhizer Protoss - Winner!

Build Orders: Oracle Opening 

Get SALT Encoding   

  12  0:00  Probe  
  13  0:12  Probe  
  14  0:17  Pylon  
  14  0:24  Probe (Chrono Boost)  
  15  0:36  Probe (Chrono Boost)  
  15  0:38  Gateway  
  16  0:45  Probe (Chrono Boost)  
  16  0:47  Assimilator  
  17  0:51  Probe  
  17  0:55  Assimilator  
  18  1:03  Probe (Chrono Boost)  
  19  1:14  Probe (Chrono Boost)  
  19  1:16  Gateway  
  20  1:19  Probe (Chrono Boost)  
  21  1:26  Cybernetics Core  
  21  1:29  Probe  
  22  1:41  Probe  
  23  1:54  Pylon  
  23  2:03  Stargate  
  23  2:11  Adept  
  23  2:12  Adept, Probe  
  23  2:13  Warp Gate (Chrono Boost)  
  28  2:21  Pylon  
  28  2:24  Probe  
  29  2:38  Probe  
  30  2:47  Oracle  
  33  3:00  Stalker  
  33  3:02  Stalker  
  34  3:22  Gateway  
  32  3:27  Pylon  
  32  3:32  Shield Battery  
  32  3:43  Pylon  
  32  3:46  Probe  
  32  3:48  Void Ray (Chrono Boost)  
  37  3:57  Stalker  
  37  4:01  Stalker  
  37  4:02  Shield Battery  
  41  4:09  Pylon  
  41  4:23  Zealot x2  
  34  4:41  Stalker  
Tags
 
Add a new tag
Caveats
  • Supply blocks, unpowered buildings, or Contaminate may cause inaccurate times.
  • Supply counts are checked every 10 seconds.